 Dungeon Crawl Stone Soup version 0.28.0 (webtiles) character file.

Game seed: 1670985855759319555

282 Anon1729 the Insei (level 6, 0/38 HPs)
             Began as an Octopode Transmuter on Feb 14, 2022.
             Killed from afar by an orc wizard (7 damage)
             ... with a magic dart
             ... on level 4 of the Dungeon.
             The game lasted 00:05:12 (4288 turns).

Anon1729 the Insei (Octopode Transmuter)            Turns: 4288, Time: 00:05:12

Health: 0/38       AC:  2    Str: 15    XL:     6   Next: 28%
Magic:  7/9        EV: 19    Int: 17    God:
Gold:   206        SH:  5    Dex: 18    Spells: 3/9 levels left

rFire   . . .      SeeInvis .     - Unarmed
rCold   . . .      Faith    .   (shield currently unavailable)
rNeg    . . .      Spirit   .   (helmet currently unavailable)
rPois   x          Reflect  +   c - amulet of reflection
rElec   .          Harm     .   g - +6 ring of strength
rCorr   .          Rampage  .   (no ring)
Will    .....                   (no ring)
Stlth   ++........              (no ring)
HPRegen 0.12/turn               (no ring)
MPRegen 0.11/turn               (no ring)
                                (no ring)
                                (no ring)

@: lethally poisoned (0 -> -11), spider-form (expiring)
A: venomous fangs, almost no armour, (amphibious), 8 rings, tiny, (camouflage
1), (gelatinous body 1), (nimble swimmer 1), (tentacles)
a: End Transformation


You were on level 4 of the Dungeon.
You were a venomous arachnid creature.
You visited 1 branch of the dungeon, and saw 4 of its levels.

You collected 206 gold pieces.

Inventory:

Jewellery
 c - an amulet of reflection (around neck)
 g - a +6 ring of strength (left front leg)
Wands
 f - a wand of iceblast (4)
Scrolls
 a - 4 scrolls of identify
 d - 2 scrolls of immolation {unknown}
 h - a scroll of amnesia {unknown}
Potions
 b - 2 potions of curing
 e - 2 potions of attraction {unknown}


   Skills:
 - Level 1.1 Fighting
 + Level 2.1 Dodging
 + Level 0.1 Stealth
 + Level 4.6 Unarmed Combat
 - Level 2.0 Spellcasting
 * Level 3.9 Transmutations
 + Level 3.6 Poison Magic


You had 3 spell levels left.
You knew the following spells:

 Your Spells              Type           Power      Damage    Failure   Level
a - Beastly Appendage     Tmut           30%        N/A       12%         1
b - Wereblood             Tmut           15%        N/A       17%         2
c - Spider Form           Tmut/Pois      14%        N/A       28%         3

Your spell library contained the following spells:

 Spells                   Type           Power      Damage    Failure   Level
 Ice Form                 Ice/Tmut       8%         N/A       82%         4


Dungeon Overview and Level Annotations

Branches:
Dungeon (4/15)
 Temple: D:4-7

Altars:
Fedhas
Makhleb
Nemelex Xobeh
Sif Muna
Zin


Innate Abilities, Weirdness & Mutations

You are a venomous arachnid creature.
You have poisonous fangs.
You are tiny and dextrous.
Your spellcasting is less reliable in this form.
Your armour is entirely melded.
You are incapable of wielding weapons or throwing items.
You cannot wear most types of armour.
((You are amphibious.))
You can wear up to eight rings at the same time.
((Your skin changes colour to match your surroundings (Stealth+).))
((Your rubbery body absorbs attacks. (AC +1, EV +1)))
((You are camouflaged when in or above water. (Stealth+)))
((You have tentacles for arms and can constrict up to eight enemies at once.))


Message History

You bite the orc!
You kill the orc!
The orc hits you with a +0 flail! The orc wizard casts a spell at you.
You are confused.
You are too confused!
You are too confused!
You are too confused!
You are too confused!
You are too confused!
You are too confused!
You are too confused!
You bump into the rock wall.
The orc hits you with a +0 flail. The adder bites you.
The orc wizard hits you but does no damage.
You closely miss the adder. The adder closely misses you.
The orc wizard misses you.
You hit the adder.
The adder is poisoned.
The adder is heavily wounded.
Your transformation is almost over.
The adder misses you. The orc closely misses you.
The orc wizard hits you but does no damage.
You barely miss the adder.
The adder is almost dead.
The adder completely misses you. The orc barely misses you.
The orc hits you with a +0 flail. The orc wizard barely misses you.
The adder bites you. The adder completely misses you.
The orc completely misses you.
You closely miss the orc.
You feel less confused. The adder bites you.
* * * LOW HITPOINT WARNING * * *
You are lethally poisoned!
The adder poisons you! The orc barely misses you.
* * * LOW HITPOINT WARNING * * *
You feel very sick.
You kill the adder!
The orc wizard gestures at you while chanting.
The magic dart hits you!
You die...

.....#####.......##...#
.>.....................
....P.♣...............
#≈P..###.#######'##
#≈≈≈####'###.......
########.≈.#......#.###...
#.........##......#+###...
#.###.###..#.......†......
# ♣.♣ #s.#....).........
.#♣♣.♣♣#.o######......###
[......o.)# #......#
##♣♣.♣♣#o......#......#
♣.♣ #.......#......# #.#
#.$......(.....#
#..............#
............#### #........


You could see an orc wizard and 2 orcs.

Vanquished Creatures
  An ogre (D:4)
  2 iguanas (D:4)
  Terence (D:2)
  4 adders
  An adder skeleton (D:4)
  2 worms
  A dart slug (D:2)
  5 orcs
  9 endoplasms
  A giant cockroach (D:1)
  8 goblins
  5 hobgoblins
  4 jackals (D:1)
  A quokka (D:2)
  11 ball pythons
  5 bats (D:2)
  4 kobolds
  22 rats
87 creatures vanquished.

Vanquished Creatures (others)
  A kobold (D:4)
1 creature vanquished.

Grand Total: 88 creatures vanquished

Notes
Turn   | Place    | Note
-------+----------+-------------------------------------------
     0 | D:1      | Anon1729 the Octopode Transmuter began the quest for the
                  | Orb.
     0 | D:1      | Reached XP level 1. HP: 13/13 MP: 3/3
   407 | D:1      | Reached XP level 2. HP: 14/18 MP: 5/5
  1104 | D:2      | Noticed Terence
  1117 | D:2      | Learned a level 2 spell: Wereblood
  1180 | D:2      | Reached XP level 3. HP: 6/23 MP: 6/6
  1189 | D:2      | Learned a level 3 spell: Spider Form
  1460 | D:2      | Reached skill level 4 in Unarmed Combat
  1617 | D:2      | Reached skill level 1 in Poison Magic
  1904 | D:2      | Reached XP level 4. HP: 11/28 MP: 5/7
  3054 | D:2      | Killed Terence
  3614 | D:4      | Reached XP level 5. HP: 28/33 MP: 8/8
  3854 | D:4      | Noticed an ogre
  3878 | D:4      | Killed an ogre
  3879 | D:4      | Reached XP level 6. HP: 28/38 MP: 7/9
  4036 | D:4      | Found a glowing silver altar of Zin.
  4036 | D:4      | Found a sparkling altar of Nemelex Xobeh.
  4039 | D:4      | Found a blossoming altar of Fedhas.
  4040 | D:4      | Found a shimmering blue altar of Sif Muna.
  4041 | D:4      | Found a burning altar of Makhleb.
  4288 | D:4      | Killed from afar by an orc wizard

Illustrated notes

Levels and vault maps discovered:
D:1:      co_arrival_two_rings, layout_basic
D:2:      kennysheep_six_static_rooms, layout_basic, minmay_rat_hole,
          uniq_terence
D:3:      layout_basic, basic_ecumenical_altar, small_statue_intersection,
          grunt_ministairs_6
D:4:      layout_basic, minitemple, minmay_tree_intersection,
          serial_bayou_pond_e

Skill      XL: |  1  2  3  4  5 |
---------------+----------------+-----
Unarmed Combat | 4 |  4.6
Poison Magic   | 1 2 3 |  3.6
Transmutations | 3 |  3.9
Fighting       | |  1.1
Dodging        | |  2.1
Stealth        | |  0.1
Spellcasting   | |  2.0

Action                   |  1- 3 |  4- 6 || total
-------------------------+-------+-------++-------
Melee: Unarmed           |    91 |    93 ||   184
       Constrict         |    18 |    19 ||    37
       Tentacles         |    19 |    22 ||    41
       Punch             |     2 |     4 ||     6
       Kick              |     5 |    10 ||    15
 Cast: Beastly Appendage |     5 |     2 ||     7
       Spider Form       |       |     4 ||     4
  Use: Scroll            |       |     1 ||     1
 Stab: Sleeping          |    11 |     5 ||    16
Armor: Skin              |     7 |     4 ||    11
Dodge: Dodged            |    64 |    46 ||   110
Block: Other             |       |    16 ||    16
